3AAA
BALBOA BUCCANEERS @ HOUSTON BC
07/26/2021
 
TOP OF THE 1ST
Balboa Buccaneers batting - Pitching for Houston BC : RHP Doug Ryan
Pitching: RHP Doug Ryan
Batting: RHB Lane Hancock 0-0: Ball
1-0: Called Strike
1-1: Ball
2-1: Foul Ball, location: 2F
2-2: Ball
3-2: Foul Ball, location: 2F
3-2: Ground out 6-3 (Groundball, 6)
Batting: RHB Roy Childress 0-0: Ball
1-0: Ball
2-0: Ball
3-0: Called Strike
3-1: Foul Ball, location: 2F
3-2: Foul Ball, location: 2F
3-2: Base on Balls
Batting: LHB Sergio Muńóz 0-0: Ball
1-0: Foul Ball, location: 2F
1-1: Fly out, F6 (Popup, 56)
Batting: RHB Félix Rodríguez 0-0: Called Strike
0-1: Hit by Pitch
Roy Childress to second
Batting: RHB Kyle Myers 0-0: Ball
1-0: Swinging Strike
1-1: Swinging Strike
1-2: Foul Ball, location: 2F
1-2: Ball
2-2: Strikes out looking
Top of the 1st over - 0 run(s), 0 hit(s), 0 error(s), 2 left on base; Balboa 0 - Houston 0
BOTTOM OF THE 1ST
Houston BC batting - Pitching for Balboa Buccaneers : RHP Eduardo Capata
Pitching: RHP Eduardo Capata
Batting: RHB Bill Newsome 0-0: Ball
1-0: Ground out 5-3 (Groundball, 5S)
Batting: RHB Daniel Drake 0-0: Called Strike
0-1: Foul Ball, location: 2F
0-2: Ball
1-2: Strikes out looking
Batting: RHB Carlos Caraballo 0-0: Swinging Strike
0-1: Ball
1-1: Swinging Strike
1-2: Foul Ball, location: 2F
1-2: Strikes out swinging
Bottom of the 1st over - 0 run(s), 0 hit(s), 0 error(s), 0 left on base; Balboa 0 - Houston 0
TOP OF THE 2ND
Balboa Buccaneers batting - Pitching for Houston BC : RHP Doug Ryan
Batting: RHB Leonard James 0-0: Ball
1-0: Swinging Strike
1-1: Ball
2-1: Ball
3-1: Base on Balls
Batting: LHB Steve Cunningham 0-0: Foul Ball, location: 2F
0-1: Ball
1-1: SINGLE (Groundball, 4M)
Leonard James to second
Batting: RHB Jean Lemaire 0-0: Called Strike
0-1: Foul Ball, location: 2F
0-2: Strikes out swinging
Batting: RHB César Garza 0-0: Ball
1-0: Foul Ball, location: 2F
1-1: Fly out, F2 (Popup, 2RF)
Batting: RHB Lane Hancock 0-0: Ball
1-0: Ball
2-0: Called Strike
2-1: Foul Ball, location: 2F
2-2: Ground out 5-3 (Groundball, 5L)
Top of the 2nd over - 0 run(s), 1 hit(s), 0 error(s), 2 left on base; Balboa 0 - Houston 0
BOTTOM OF THE 2ND
Houston BC batting - Pitching for Balboa Buccaneers : RHP Eduardo Capata
Batting: RHB Paul Arthur 0-0: Called Strike
0-1: Fly out, F8 (Flyball, 8LS)
Batting: RHB Thomas Teague 0-0: Ball
1-0: Foul Ball, location: 2F
1-1: Swinging Strike
1-2: Ball
2-2: Foul Ball, location: 2F
2-2: Strikes out swinging
Batting: RHB Trevor Gardner 0-0: Ball
1-0: Ball
2-0: SINGLE (Line Drive, 78M)
Batting: RHB Michael Bucknell 0-0: Swinging Strike
0-1: Swinging Strike
0-2: Strikes out looking
Bottom of the 2nd over - 0 run(s), 1 hit(s), 0 error(s), 1 left on base; Balboa 0 - Houston 0
TOP OF THE 3RD
Balboa Buccaneers batting - Pitching for Houston BC : RHP Doug Ryan
Batting: RHB Roy Childress 0-0: Called Strike
0-1: Foul Ball, location: 2F
0-2: Strikes out swinging
Batting: LHB Sergio Muńóz 0-0: Ball
1-0: Ball
2-0: Called Strike
2-1: Fly out, F4 (Line Drive, 4)
Batting: RHB Félix Rodríguez 0-0: Called Strike
0-1: SOLO HOME RUN (Flyball, 9D), Distance : 380 ft
Batting: RHB Kyle Myers 0-0: Called Strike
0-1: Ground out 6-3 (Groundball, 6S)
Top of the 3rd over - 1 run(s), 1 hit(s), 0 error(s), 0 left on base; Balboa 1 - Houston 0
BOTTOM OF THE 3RD
Houston BC batting - Pitching for Balboa Buccaneers : RHP Eduardo Capata
Batting: RHB Ángel González 0-0: Fly out, F7 (Flyball, 78M)
Batting: LHB Keith Gardner 0-0: Called Strike
0-1: Swinging Strike
0-2: Ball
1-2: Fly out, F8 (Flyball, 8LM)
Batting: RHB Bill Newsome 0-0: Ball
1-0: SINGLE (Line Drive, 89S)
Batting: RHB Daniel Drake 0-0: Called Strike
Bill Newsome steals 2nd base
0-1: Ball
1-1: Foul Ball, location: 2F
1-2: Ball
2-2: Ball
3-2: Foul Ball, location: 2F
3-2: Foul Ball, location: 2F
3-2: Foul Ball, location: 2F
3-2: Base on Balls
Batting: RHB Carlos Caraballo 0-0: Called Strike
0-1: Ball
1-1: Foul Ball, location: 2F
1-2: Fly out, F8 (Flyball, 8LS)
Bottom of the 3rd over - 0 run(s), 1 hit(s), 0 error(s), 2 left on base; Balboa 1 - Houston 0
TOP OF THE 4TH
Balboa Buccaneers batting - Pitching for Houston BC : RHP Doug Ryan
Batting: RHB Leonard James 0-0: Ball
1-0: Ball
2-0: Ball
3-0: Foul Ball, location: 2F
3-1: Base on Balls
Batting: LHB Steve Cunningham 0-0: Ball
1-0: Ball
2-0: Called Strike
2-1: Foul Ball, location: 2F
2-2: Foul Ball, location: 2F
2-2: Ball
3-2: Foul Ball, location: 2F
3-2: Fly out, F6 (Popup, 6)
Batting: RHB Jean Lemaire 0-0: Foul Ball, location: 2F
0-1: Ball
1-1: Ball
2-1: Foul Ball, location: 2F
2-2: Foul Ball, location: 2F
2-2: Fly out, F8 (Flyball, 8LM)
Batting: RHB César Garza 0-0: Ball
1-0: Fly out, F8 (Flyball, 4MD)
Top of the 4th over - 0 run(s), 0 hit(s), 0 error(s), 1 left on base; Balboa 1 - Houston 0
BOTTOM OF THE 4TH
Houston BC batting - Pitching for Balboa Buccaneers : RHP Eduardo Capata
Batting: RHB Paul Arthur 0-0: Foul Ball, location: 2F
0-1: Fly out, F6 (Line Drive, 6)
Batting: RHB Thomas Teague 0-0: Swinging Strike
0-1: Fly out, F2 (Popup, 23F)
Batting: RHB Trevor Gardner 0-0: Ball
1-0: Ball
2-0: Called Strike
2-1: Called Strike
2-2: Ball
3-2: Strikes out looking
Bottom of the 4th over - 0 run(s), 0 hit(s), 0 error(s), 0 left on base; Balboa 1 - Houston 0
TOP OF THE 5TH
Balboa Buccaneers batting - Pitching for Houston BC : RHP Doug Ryan
Batting: RHB Lane Hancock 0-0: Ball
1-0: Ball
2-0: Ball
3-0: Called Strike
3-1: Base on Balls
Batting: RHB Roy Childress 0-0: Swinging Strike
0-1: Ball
1-1: Ball
2-1: Ball
3-1: Foul Ball, location: 2F
3-2: Base on Balls
Lane Hancock to second
Batting: LHB Sergio Muńóz 0-0: Fielders Choice at 2nd, 5-4 (Groundball, 56)
Lane Hancock to third
Batting: RHB Félix Rodríguez 0-0: Fielders Choice at 2nd, 3-6 (Groundball, 3)
Lane Hancock scores
Batting: RHB Kyle Myers 0-0: Ball
1-0: Foul Ball, location: 2F
1-1: Ball
2-1: Fielders Choice at 2nd, 6-4 (Groundball, 6)
Top of the 5th over - 1 run(s), 0 hit(s), 0 error(s), 0 left on base; Balboa 2 - Houston 0
BOTTOM OF THE 5TH
Houston BC batting - Pitching for Balboa Buccaneers : RHP Eduardo Capata
Batting: RHB Michael Bucknell 0-0: Ball
1-0: Ball
2-0: Called Strike
2-1: Foul Ball, location: 2F
2-2: Ball
3-2: Foul Ball, location: 2F
3-2: Ground out 4-3 (Groundball, 4M)
Batting: RHB Ángel González 0-0: Swinging Strike
0-1: Ball
1-1: DOUBLE (Flyball, 7LM)
Batting: LHB Keith Gardner 0-0: Called Strike
0-1: Ball
1-1: Ball
2-1: SINGLE (Line Drive, 78S)
Ángel González to third
Runner from 3rd tries for Home, SAFE, throw made home
Keith Gardner to second
Batting: RHB Bill Newsome 0-0: Called Strike
0-1: Called Strike
0-2: Foul Ball, location: 2F
0-2: Strikes out swinging
Batting: RHB Daniel Drake 0-0: Ball
1-0: Ball
2-0: Called Strike
2-1: Foul Ball, location: 2F
2-2: Foul Ball, location: 2F
2-2: Ground out 5-3 (Groundball, 5S)
Bottom of the 5th over - 1 run(s), 2 hit(s), 0 error(s), 1 left on base; Balboa 2 - Houston 1
TOP OF THE 6TH
Balboa Buccaneers batting - Pitching for Houston BC : RHP Doug Ryan
Batting: RHB Leonard James 0-0: Called Strike
0-1: Foul Ball, location: 2F
0-2: Ball
1-2: Foul Ball, location: 2F
1-2: Strikes out looking
Batting: LHB Steve Cunningham 0-0: Ball
1-0: Called Strike
1-1: Called Strike
1-2: Ball
2-2: Foul Ball, location: 2F
2-2: Strikes out looking
Batting: RHB Jean Lemaire 0-0: Ball
1-0: Ball
2-0: Called Strike
2-1: Foul Ball, location: 2F
2-2: Ground out 4-3 (Groundball, 4M)
Top of the 6th over - 0 run(s), 0 hit(s), 0 error(s), 0 left on base; Balboa 2 - Houston 1
BOTTOM OF THE 6TH
Houston BC batting - Pitching for Balboa Buccaneers : RHP Eduardo Capata
Batting: RHB Carlos Caraballo 0-0: Ball
1-0: Ball
2-0: DOUBLE (Flyball, 8LXD)
Batting: RHB Paul Arthur 0-0: Ball
1-0: Called Strike
1-1: Ball
2-1: Foul Ball, location: 2F
2-2: Strikes out swinging
Batting: RHB Thomas Teague 0-0: Ball
1-0: Fly out, F8 (Flyball, 8LXD)
Runner from 2nd tags up, SAFE at 3rd, no throw
Batting: RHB Trevor Gardner 0-0: Ball
1-0: Swinging Strike
1-1: Ball
2-1: Ball
3-1: Called Strike
3-2: Strikes out swinging
Bottom of the 6th over - 0 run(s), 1 hit(s), 0 error(s), 1 left on base; Balboa 2 - Houston 1
TOP OF THE 7TH
Balboa Buccaneers batting - Pitching for Houston BC : RHP Doug Ryan
Batting: RHB César Garza 0-0: Ball
1-0: Ball
2-0: Ball
3-0: Called Strike
3-1: SINGLE (Line Drive, 9S)
Batting: RHB Lane Hancock 0-0: Ball
1-0: Ball
2-0: Ball
3-0: Called Strike
3-1: Foul Ball, location: 2F
3-2: Base on Balls
César Garza to second
Batting: RHB Roy Childress 0-0: Ball
1-0: Ball
2-0: DOUBLE (Line Drive, 7LD)
César Garza scores
Lane Hancock to third
Batting: LHB Sergio Muńóz 0-0: Intentional Walk
Pitching: RHP Luis Fernández
Pinch Hitting: LHB Imre Brincka 0-0: Ball
1-0: Ball
2-0: Swinging Strike
2-1: Ball
3-1: Base on Balls
Lane Hancock scores
Roy Childress to third
Sergio Muńóz to second
Batting: RHB Kyle Myers 0-0: Ball
1-0: Ball
2-0: Called Strike
2-1: Swinging Strike
2-2: Strikes out swinging
Batting: RHB Leonard James 0-0: Foul Ball, location: 2F
0-1: Fly out, F9 (Flyball, 89M)
Runner from 3rd tags up, SCORES, no throw
Batting: LHB Steve Cunningham 0-0: Called Strike
0-1: Fly out, F6 (Line Drive, 6)
Top of the 7th over - 3 run(s), 2 hit(s), 0 error(s), 2 left on base; Balboa 5 - Houston 1
BOTTOM OF THE 7TH
Houston BC batting - Pitching for Balboa Buccaneers : RHP Eduardo Capata
Now at SS: Denis Taylor
Batting: RHB Michael Bucknell 0-0: Ball
1-0: Foul Ball, location: 2F
1-1: Swinging Strike
1-2: Ball
2-2: Strikes out swinging
Batting: RHB Ángel González 0-0: Called Strike
0-1: Swinging Strike
0-2: Ball
1-2: Strikes out looking
Batting: LHB Keith Gardner 0-0: Ball
1-0: Called Strike
1-1: Ball
2-1: Swinging Strike
2-2: Ball
3-2: SINGLE (Line Drive, 9S)
Batting: RHB Bill Newsome 0-0: Ball
1-0: Foul Ball, location: 2F
1-1: Fly out, F8 (Flyball, 8LD)
Bottom of the 7th over - 0 run(s), 1 hit(s), 0 error(s), 1 left on base; Balboa 5 - Houston 1
TOP OF THE 8TH
Balboa Buccaneers batting - Pitching for Houston BC : RHP Luis Fernández
Batting: RHB Jean Lemaire 0-0: Foul Ball, location: 2F
0-1: Ground out 6-3 (Groundball, 6M)
Pitching: RHP Stanley Williams
Batting: RHB César Garza 0-0: Swinging Strike
0-1: Ball
1-1: Fly out, F8 (Flyball, 78M)
Batting: RHB Lane Hancock 0-0: Ball
1-0: SINGLE (Groundball, 13) (infield hit)
Batting: RHB Roy Childress 0-0: Foul Ball, location: 2F
0-1: Foul Ball, location: 2F
0-2: Ball
1-2: Foul Ball, location: 2F
1-2: Ball
2-2: Strikes out swinging
Top of the 8th over - 0 run(s), 1 hit(s), 0 error(s), 1 left on base; Balboa 5 - Houston 1
BOTTOM OF THE 8TH
Houston BC batting - Pitching for Balboa Buccaneers : RHP Eduardo Capata
Batting: RHB Daniel Drake 0-0: Ball
1-0: Ball
2-0: Ball
3-0: Called Strike
3-1: Base on Balls
Batting: RHB Carlos Caraballo 0-0: Called Strike
0-1: Called Strike
0-2: Fly out, F1 (Popup, 13S)
Batting: RHB Paul Arthur 0-0: Foul Ball, location: 2F
0-1: Called Strike
0-2: Ball
Wild Pitch!
Daniel Drake to second
1-2: Strikes out looking
Batting: RHB Thomas Teague 0-0: Called Strike
0-1: Fly out, F7 (Flyball, 78M)
Bottom of the 8th over - 0 run(s), 0 hit(s), 0 error(s), 1 left on base; Balboa 5 - Houston 1
TOP OF THE 9TH
Balboa Buccaneers batting - Pitching for Houston BC : RHP Stanley Williams
Batting: LHB Sergio Muńóz 0-0: Foul Ball, location: 2F
0-1: Ball
1-1: Called Strike
1-2: Ball
2-2: Foul Ball, location: 2F
2-2: Strikes out swinging
Batting: RHB Denis Taylor 0-0: Ball
1-0: Ground out 4-3 (Groundball, 4)
Batting: RHB Kyle Myers 0-0: Foul Ball, location: 2F
0-1: Ball
1-1: Ball
2-1: Foul Ball, location: 2F
2-2: Strikes out swinging
Top of the 9th over - 0 run(s), 0 hit(s), 0 error(s), 0 left on base; Balboa 5 - Houston 1
BOTTOM OF THE 9TH
Houston BC batting - Pitching for Balboa Buccaneers : RHP Eduardo Capata
Batting: RHB Trevor Gardner 0-0: Called Strike
0-1: Ball
1-1: Called Strike
1-2: Ball
2-2: Ground out 5-3 (Groundball, 5)
Batting: RHB Michael Bucknell 0-0: Bunt missed!
0-1: Swinging Strike
0-2: Strikes out swinging
Batting: RHB Ángel González 0-0: Foul Ball, location: 2F
0-1: Called Strike
0-2: Ball
1-2: Strikes out swinging
Bottom of the 9th over - 0 run(s), 0 hit(s), 0 error(s), 0 left on base; Balboa 5 - Houston 1
This league is powered by Out of the Park Baseball, the baseball management simulation game for PC, Mac and Linux
Friday, January 22nd, 2016 - OOTP Baseball 16.9 Build 39